 Dungeon Crawl Stone Soup version 0.28-a0-998-gb9e9c7b67e (webtiles) character file.

Game seed: 10559567168858663116

399 ytrimaz the Cutter (level 6, -1/49 HPs)
             Began as an Octopode Chaos Knight on Dec 5, 2021.
             Was a Plaything of Xom.
             Slain by an orc warrior (4 damage)
             ... on level 4 of the Dungeon.
             The game lasted 00:04:33 (4033 turns).

ytrimaz the Cutter (Octopode Chaos Knight)          Turns: 4033, Time: 00:04:34

Health: -1/49      AC:  3    Str: 13    XL:     6   Next: 84%
Magic:  6/6        EV: 18    Int: 14    God:    Xom [...*..]
Gold:   197        SH:  0    Dex: 12    Spells: 5/5 levels left

rFire   . . .      SeeInvis .   a - +0 short sword (chaos)
rCold   + . .      Faith    .   (no shield)
rNeg    . . .      Spirit   .   (helmet restricted)
rPois   .          Reflect  .   (no amulet)
rElec   .          Harm     .   b - +4 ring of evasion
rCorr   .          Rampage  .   i - ring of protection from cold
Will    .....                   (no ring)
Stlth   ++........              (no ring)
HPRegen 0.16/turn               (no ring)
MPRegen 0.10/turn               (no ring)
                                (no ring)
                                (no ring)

@: no status effects
A: almost no armour, amphibious, 8 rings, camouflage 1, gelatinous body 1,
(nimble swimmer 1), tentacles, fangs 1, iridescent scales 1, robust 1,
MP-powered wands
a: Renounce Religion


You were on level 4 of the Dungeon.
You worshipped Xom.
You were a favourite toy of Xom.
You visited 1 branch of the dungeon, and saw 4 of its levels.

You collected 197 gold pieces.

Inventory:

Hand Weapons
 a - a +0 short sword of chaos (weapon)
Jewellery
 b - a +4 ring of evasion (left tentacle)
 h - a ring of magical power
 i - a ring of protection from cold (right tentacle)
Wands
 m - a wand of digging (6)
Scrolls
 d - a scroll of identify
 f - a scroll of fog
 g - 3 scrolls of teleportation
 k - a scroll of holy word {unknown}
 l - a scroll of enchant armour
Potions
 c - a potion of might
 e - 2 potions of curing
 j - a potion of haste {unknown}


   Skills:
 + Level 4.8 Fighting
 + Level 5.8 Short Blades
 + Level 3.4 Dodging


You had 5 spell levels left.
You didn't know any spells.
Your spell library contained the following spells:

 Spells                   Type           Power      Damage    Failure   Level
 Static Discharge         Conj/Air       0%         N/A       41%         2
 Dispel Undead            Necr           0%         3d6       96%         4
 Sticky Flame             Conj/Fire      0%         2d3       96%         4


Dungeon Overview and Level Annotations

Branches:
Dungeon (4/15)
 Temple: D:4-7

Altars:
Nemelex Xobeh


Innate Abilities, Weirdness & Mutations

You cannot wear most types of armour.
You are amphibious.
You can wear up to eight rings at the same time.
Your skin changes colour to match your surroundings (Stealth+).
Your rubbery body absorbs attacks. (AC +1, EV +1)
((You are camouflaged near water. (Stealth+)))
You have tentacles for arms and can constrict up to eight enemies at once.
You have very sharp teeth.
You are partially covered in iridescent scales. (AC +2)
You are robust. (+10% HP)
You expend magic power (3 MP) to strengthen your wands.


Message History

The endoplasm is killed!
The orc warrior hits you with a +0 hand axe of flaming.
The orc warrior burns you.
You hit the orc warrior but do no damage.
You grab the orc warrior. Your squeeze misses the orc warrior.
The orc warrior is severely wounded.
You constrict the orc warrior, but do no damage.
The orc warrior misses you.
You hit the orc warrior but do no damage.
The orc warrior is severely wounded.
You constrict the orc warrior, but do no damage.
You hit the orc warrior but do no damage.
The orc warrior is severely wounded.
You constrict the orc warrior.
The orc warrior struggles to escape constriction.
You hit the orc warrior but do no damage.
You bite the orc warrior, but do no damage.
The orc warrior is severely wounded.
The orc warrior blinks free!
Unknown command.
Unknown command.
The orc warrior seems less confused.
You barely miss the orc warrior. Your grab misses the orc warrior.
Your squeeze misses the orc warrior.
The orc warrior is severely wounded.
The orc warrior barely misses you.
You hit the orc warrior but do no damage.
The orc warrior flickers and vanishes!
Deactivating autopickup; reactivate with Ctrl-A.
Something hits you! Something burns you.
Unknown command.
You completely miss something. Something hits you.
* * * LOW HITPOINT WARNING * * *
Something burns you.
* * * LOW HITPOINT WARNING * * *
You closely miss something. Your bite misses something. Something hits you!
* * * LOW HITPOINT WARNING * * *
Something burns you.
You die... "What!?
That's it?"

....... #..........#
#......)...# #..........
#........# ##o.......##
###### #........{.#
#######.....
#.........@#####)))....####
#............#>..####### #
#..........#)..### #
#oo..........>......# #
###o......<.#########.# ##
#oK.#......##
.####o#####.#### ..#...#
#.# ## ....### #.. ...


There were no monsters in sight!

Vanquished Creatures
  Sigmund (D:3)
  A jelly (D:4)
  Crazy Yiuf (D:2)
  An orc priest (D:4)
  4 gnolls (D:4)
  4 adders (D:4)
  3 worms
  3 dart slugs
  9 orcs (D:4)
  4 endoplasms
  3 giant cockroaches
  2 hobgoblins
  3 quokkas
  A ball python (D:1)
  4 bats
  4 frilled lizards
  5 goblins (D:1)
  5 kobolds
  5 rats
63 creatures vanquished.

Notes
Turn   | Place    | Note
-------+----------+-------------------------------------------
     0 | D:1      | ytrimaz the Octopode Chaos Knight began the quest for the
                  | Orb.
     0 | D:1      | Reached XP level 1. HP: 16/16 MP: 1/1
    91 | D:1      | XOM: butterfly on damage
   390 | D:1      | Reached XP level 2. HP: 21/21 MP: 2/2
  1000 | D:1      | XOM: silly message
  1030 | D:1      | Found a faded altar of an unknown god.
  1151 | D:1      | XOM: cloud trail
  1171 | D:1      | XOM: cast spell 'Summon Small Mammal'
  1374 | D:1      | XOM: cloud trail
  1426 | D:1      | XOM: scenery: 1 doors open, 1 doors close
  1542 | D:2      | Reached XP level 3. HP: 4/26 MP: 3/3
  1578 | D:2      | XOM: divination: detect creatures
  1916 | D:2      | Found a runed translucent door.
  1917 | D:2      | Noticed Crazy Yiuf
  1972 | D:2      | XOM: 2-stop teleportation journey
  2030 | D:2      | Found a sparkling altar of Nemelex Xobeh.
  2219 | D:2      | Killed Crazy Yiuf
  2220 | D:2      | Reached XP level 4. HP: 21/33 MP: 4/4
  2334 | D:3      | Reached skill level 4 in Short Blades
  2530 | D:3      | Noticed Sigmund
  2535 | D:3      | XOM: enchant monster (good)
  2540 | D:3      | Killed Sigmund
  2541 | D:3      | Reached skill level 5 in Short Blades
  2541 | D:3      | Reached XP level 5. HP: 38/38 MP: 5/5
  2608 | D:3      | XOM: cloud trail
  2697 | D:3      | Reached XP level 6. HP: 44/44 MP: 6/6
  2992 | D:3      | XOM: give mutations
  2992 | D:3      | Gained mutation: You are partially covered in iridescent
                  | scales. (AC +2) [Xom's grace]
  2992 | D:3      | Gained mutation: You expend magic power (3 MP) to
                  | strengthen your wands. [Xom's grace]
  2992 | D:3      | Gained mutation: You have very sharp teeth. [Xom's grace]
  2992 | D:3      | Gained mutation: You are robust. (+10% HP) [Xom's grace]
  3049 | D:3      | XOM: cloud trail
  3732 | D:4      | Noticed an orc warrior
  3955 | D:4      | Noticed a black bear
  3955 | D:4      | XOM: 1-stop teleportation journey
  3968 | D:4      | Identified the +0 leather armour of Perpetual Drought
                  | {Int+5}
  4033 | D:4      | Slain by an orc warrior

Illustrated notes

Levels and vault maps discovered:
D:1:      dpeg_arrival_subterranean_lakeside_camping, layout_basic,
          hellmonk_ecumenical_altar_run_dry, nrook_mini_backslash,
          minmay_misc_feat_nine_boxes, chequers_serial_rivers_room_a
D:2:      layout_rooms, basic_altar, uniq_crazy_yiuf_cottage
D:3:      layout_basic, chequers_jeans, chequers_serial_rivers_large_b,
          serial_park_tiny_1, uniq_sigmund
D:4:      layout_rooms, lemuel_crystal_altar

Skill      XL: |  1  2  3  4 |
---------------+-------------+-----
Short Blades   | 5 |  5.8
Fighting       | 4 |  4.8
Dodging        | 3 |  3.4

Action                   |  1- 3 |  4- 6 || total
-------------------------+-------+-------++-------
Melee: Short sword       |    60 |   107 ||   167
       Tentacles         |     8 |    22 ||    30
       Constrict         |    11 |    27 ||    38
       Bite              |       |    15 ||    15
  Use: Scroll            |     2 |     4 ||     6
       Potion            |       |     6 ||     6
 Stab: Sleeping          |     8 |     4 ||    12
       Paralysed         |       |     2 ||     2
Armor: Skin              |     3 |     7 ||    10
Dodge: Dodged            |    22 |    65 ||    87

Table legend: (Time is in decaauts)
 A = Elapsed time spent in this place.
 B = Non-inter-level travel time spent in this place.
 C = Inter-level travel time spent in this place.
 D = Time resting spent in this place.
 E = Time spent auto-exploring this place.
 F = Levels seen in this place.
 G = Mean time per level.
                   A        B        C        D        E       F      G
               +--------+--------+--------+--------+--------+-----+--------+
         Total |   4010 |   3944 |     66 |    177 |   3197 |   4 | 1002.5 |
       Dungeon |   4010 |   3944 |     66 |    177 |   3197 |   4 | 1002.5 |
               +--------+--------+--------+--------+--------+-----+--------+

Top non-repeatable levels by time:
     D:1: 1427 daAuts
     D:3: 1083 daAuts
     D:2: 827 daAuts
     D:4: 671 daAuts
